 Dungeon Crawl Stone Soup version bcrawl-1.12-8-g964540c432 (webtiles) character file.

Game seed: 7341037239414167743

256 Morbidden the Ducker (level 5, -13/45 HPs)
             Began as a Minotaur Archaeologist on June 5, 2019.
             Killed by nerve-wracking pain
             ... invoked by a shadow imp
             ... summoned by Natasha
              (14 damage)
             ... on level 3 of the Dungeon.
             The game lasted 00:04:16 (2238 turns).

Morbidden the Ducker (Minotaur Archaeologist)       Turns: 2238, Time: 00:04:16

Health: -13/45     AC: 13    Str: 16    XL:     5   Next: 92%
Magic:  6/6        EV:  8    Int: 11    God:
Gold:   196        SH:  0    Dex:  9    Spells: 4/4 levels left

rFire    . . .     SeeInvis .   n - +0 hand axe
rCold    . . .     Gourm    .   (no shield)
rNeg     . . .     Faith    .   q - +0 chain mail
rPois    .         Spirit   .   b - +1 hat
rElec    .         Reflect  .   (no cloak)
rCorr    .         Harm     .   d - +1 pair of gloves
MR       .....                  c - +1 pair of boots
Stlth    ..........             (no amulet)
HPRegen  0.15/turn              (no ring)
MPRegen  0.10/turn              (no ring)

@: slowed, studying Evocations, very slow
A: retaliatory headbutt, horns 2
a: no special abilities


You were on level 3 of the Dungeon.
You were hungry.

You visited 1 branch of the dungeon, and saw 3 of its levels.

You collected 196 gold pieces.

Inventory:

Hand Weapons
 n - a +0 hand axe (weapon)
Armour
 b - a +1 hat (worn)
 c - a +1 pair of boots (worn)
 d - a +1 pair of gloves (worn)
 q - a +0 chain mail (worn)
Wands
 m - a wand of acid (16)
Scrolls
 h - a scroll of fear {unknown}
 j - a scroll of noise {unknown}
 p - a scroll of teleportation {unknown}
 r - a scroll of amnesia {unknown}
 s - a scroll of identify {unknown}
Potions
 i - 4 potions of curing
 k - a potion of lignification {unknown}
 l - a potion of haste {unknown}
 o - a potion of brilliance {unknown}
Books
 e - a manual of Evocations
Miscellaneous
 f - an ancient crate
Comestibles
 g - 5 rations {!d}


   Skills:
 * Level 3.3 Fighting
 * Level 3.1 Axes
 + Level 1.4 Armour
 + Level 5.0 Dodging
 - Level 2.6 Stealth
 * Level 2.7 Evocations


You had 4 spell levels left.
You didn't know any spells.
Your spell library contained the following spells:

 Spells                   Type           Power        Failure   Level  Hunger
 Corona                   Hex            #......      100%        1    ##.....
 Ensorcelled Hibernation  Hex/Ice        #.....       100%        2    ###....
 Confuse                  Hex            #.......     100%        3    ####...
 Dazzling Spray           Conj/Hex       #.....       100%        3    ####...
 Tukima's Dance           Hex            #.......     100%        3    ####...


Dungeon Overview and Level Annotations

Branches:
Dungeon (3/12)

Altars:
Cheibriados

Annotations:
D:3 1 runed door, Natasha


Innate Abilities, Weirdness & Mutations

You reflexively headbutt those who attack you in melee.
You have a pair of horns on your head.


Message History

The crimson imp hits you but does no damage.
The crimson imp grinds its teeth.
The crimson imp hits you but does no damage.
The shadow imp closely misses you.
Natasha stares at you and mumbles some strange words.
The magic dart hits you!
* * * LOW HITPOINT WARNING * * *
You closely miss Natasha.
Natasha is almost dead.
You hit the crimson imp but do no damage.
You hit the shadow imp. You closely miss the crimson imp.
The crimson imp closely misses you.
The crimson imp hits you but does no damage.
The shadow imp barely misses you. Natasha barely misses you.
The crimson imp barely misses you. You furiously retaliate!
You headbutt the crimson imp.
The crimson imp hits you but does no damage.
The shadow imp gestures at you. Pain shoots through your body!
You die...

##.#.##..####
#.###........
##.#.##..####
#####.#....#
...........#
#######.######
##....## ..
#.._...#.#
#....5@5)#
#>....%.5h.#
#.###......# #
##.$.#.#
##.##.. #.#
### #. #.


You could see Natasha, 2 crimson imps and a shadow imp.

Vanquished Creatures
  Purgy (D:3)
  Terence (D:2)
  7 gnolls
  An adder (D:2)
  2 oozes (D:2)
  2 worms (D:2)
  A dart slug (D:2)
  2 leopard geckos (D:2)
  A ball python (D:2)
  A bat (D:2)
  3 giant cockroaches (D:2)
  A goblin (D:1)
  6 hobgoblins
  9 jackals
  4 kobolds
  2 quokkas
  A frilled lizard (D:2)
  2 rats
47 creatures vanquished.

Notes
Turn   | Place    | Note
-------+----------+-------------------------------------------
     0 | D:1      | Morbidden the Minotaur Archaeologist began the quest for
                  | the Orb.
     0 | D:1      | Reached XP level 1. HP: 16/16 MP: 0/0
   384 | D:1      | Reached XP level 2. HP: 24/24 MP: 1/1
   877 | D:2      | Reached skill level 4 in Dodging
   933 | D:2      | Reached XP level 3. HP: 6/29 MP: 2/2
  1117 | D:2      | Noticed Terence
  1131 | D:2      | Killed Terence
  1131 | D:2      | Reached skill level 1 in Evocations
  1257 | D:2      | Found a faded altar of an unknown god.
  1270 | D:2      | Reached XP level 4. HP: 30/37 MP: 4/4
  1773 | D:3      | Reached skill level 1 in Axes
  1944 | D:3      | Reached XP level 5. HP: 38/45 MP: 5/5
  1976 | D:3      | Found a runed door.
  2174 | D:3      | Noticed Purgy
  2177 | D:3      | Killed Purgy
  2177 | D:3      | Reached skill level 1 in Armour
  2177 | D:3      | Reached skill level 5 in Dodging
  2219 | D:3      | Found a snail-covered altar of Cheibriados.
  2224 | D:3      | Noticed Natasha
  2237 | D:3      | HP: 1/45 [Natasha/magic dart (5)]
  2238 | D:3      | Killed from afar by a shadow imp

Skill      XL: |  1  2  3  4  5 |
---------------+----------------+-----
Fighting       | 2 3 |  3.3
Dodging        | 4 5 |  5.0
Evocations     | 1 2 |  2.7
Axes           | 1 3 |  3.1
Armour         | 1 |  1.4
Stealth        | |  2.6

Action                   |  1- 3 |  4- 6 || total
-------------------------+-------+-------++-------
Melee: Unarmed           |   131 |    23 ||   154
       Headbutt          |    10 |    16 ||    26
       Hand axe          |       |    83 ||    83
Evoke: Wand              |     3 |     2 ||     5
  Use: Potion            |       |     1 ||     1
 Stab: Sleeping          |     3 |       ||     3
  Eat: Chunk             |     1 |     3 ||     4
Armor: Robe              |    43 |       ||    43
       Chain mail        |    20 |    83 ||   103
Dodge: Dodged            |    68 |    60 ||   128
